 Dungeon Crawl Stone Soup version 0.31.0-1-g2c135a008e (webtiles) character file.

Game seed: 17659571268889226657

39 qw the Shooter (level 3, -2/29 HPs)
             Began as a Djinni Hunter on Jan 23, 2024.
             Slain by Sigmund
             ... wielding a +2 scythe of venom
              (11 damage)
             ... on level 2 of the Dungeon.
             The game lasted 00:00:02 (710 turns).

qw the Shooter (Djinni Hunter)                       Turns: 710, Time: 00:00:03

Health: -2/29      AC:  5    Str: 10    XL:     3   Next: 67%
Gold:   49         EV: 11    Int: 10    God:
                   SH:  0    Dex: 18

rFire   + + .        a - +0 shortbow
rCold   x . .        (shield currently unavailable)
rNeg    . . .        h - +0 ring mail
rPois   inf          (no helmet)
rElec   .            (no cloak)
rCorr   .            (no gloves)
SInv    .            (boots unavailable)
Will    .....        (no amulet)
Stlth   +            (no ring)
HPRegen 0.24/turn    (no ring)
MPRegen 0.00/turn

%: infuse magic (-3 HP)
@: flying
A: sickness immunity, fire resistance 2, cold vulnerability 1, float, innate
caster, HP casting, extra vitality 1
a: no special abilities


You were on level 2 of the Dungeon.
You visited 1 branch of the dungeon, and saw 2 of its levels.

You collected 49 gold pieces.


Innate Abilities, Weirdness & Mutations

You are immune to sickness and miasma.
You are immune to poison.
Your flesh is very heat resistant. (rF++)
You are vulnerable to cold. (rC-)
You float through the air rather than walking.
You learn spells naturally, not from books.
Your magical power is your life essence.
You have superior vitality. (+4 MHP)


   Skills:
 - Level 2.6 Fighting
 - Level 4.0 Ranged Weapons
 + Level 0.1 Armour
 - Level 2.1 Dodging
 - Level 0.7 Stealth


You knew the following spells:

 Your Spells              Type           Power      Damage    Failure   Level
a - Freeze                Ice            0%         1d3       69%         1
Your spell library was empty.

Inventory:

Hand Weapons
 a - a +0 shortbow (weapon)
Armour
 h - a +0 ring mail (worn)
Scrolls
 f - a scroll of enchant armour
Potions
 d - a potion of curing {unknown}

Dungeon Overview and Level Annotations

Branches:
Dungeon (2/15)

Altars:

Shops:
D:1 *?:

Annotations:
D:2 Sigmund


Message History

You shoot an arrow. The arrow closely misses Sigmund.
Sigmund gestures wildly while chanting.
Sigmund flickers and vanishes!
Deactivating autopickup; reactivate with Ctrl-A.
You hear a bark!
You shoot an arrow.
A puff of flame appears from out of thin air!
The puff of flame hits you. You resist.
You shoot an arrow.
You hear some strange, mumbled words.
Something tries to affect you, but you resist.
You shoot an arrow. The arrow hits the jackal!
You kill the jackal!
A jackal comes into view.
Something hits you but does no damage.
You shoot an arrow. Something hits you.
You shoot an arrow. You shoot an arrow. Something hits you!
A hobgoblin comes into view.
You shoot an arrow. The arrow barely misses the jackal.
The hobgoblin shouts!
The jackal barely misses you. Something hits you!
The jackal closely misses you.
You shoot an arrow. The arrow hits the jackal.
The jackal is lightly wounded.
The jackal bites you but does no damage.
A jackal comes into view.
A magic dart appears from out of thin air!
The magic dart hits you. The jackal barely misses you.
You shoot an arrow. The jackal barks!
The arrow hits the jackal but does no damage.
The jackal is lightly wounded.
The jackal bites you but does no damage.
Something hits you but does no damage.
The jackal bites you but does no damage.
You shoot an arrow. The arrow closely misses the jackal.
The jackal closely misses you. Something hits you!
You die...

#### ...##
#..# +.<#
##. ##.#
.....##.###
#.......@.#
.........h.#
###.###.#{.#
# #g#..#
#h#..#
#.#..#
#.#..#
#.....


You could see 2 jackals and a hobgoblin.

Vanquished Creatures
  6 ball pythons (D:1)
  2 bats (D:1)
  5 endoplasms (D:1)
  2 goblins (D:1)
  7 hobgoblins (D:1)
  A jackal (D:2)
  7 kobolds (D:1)
  A quokka (D:1)
31 creatures vanquished.

Notes
Turn   | Place    | Note
-------+----------+-------------------------------------------
     0 | D:1      | qw the Djinni Hunter began the quest for the Orb.
     0 | D:1      | Reached XP level 1. HP: 18/18 MP: 0/0
     0 | D:1      | 0 ||| qw: Version: 0.3-a-136-gdd3b4e8
     0 | D:1      | 0 ||| qw: Game counter: 1087
     0 | D:1      | 0 ||| qw: Melee chars always use a shield: true
     0 | D:1      | 0 ||| qw: God list: Okawaru
     0 | D:1      | 0 ||| qw: Allow faded altars: false
     0 | D:1      | 0 ||| qw: Do Orc after clearing Dungeon:15 true
     0 | D:1      | 0 ||| qw: Do second Lair branch before Depths: true
     0 | D:1      | 0 ||| qw: Lair rune preference: random
     0 | D:1      | 0 ||| qw: Goals: Normal
     0 | D:1      | 0 ||| PLANNING D:1-11
   119 | D:1      | Reached XP level 2. HP: 23/23 MP: 0/0
   222 | D:1      | Reached XP level 3. HP: 27/28 MP: 0/0
   222 | D:1      | Learned a level 1 spell: Freeze
   260 | D:1      | Reached skill level 4 in Ranged Weapons
   283 | D:1      | Found Haacidio's General Store.
   293 | D:1      | 293 ||| SHOPLISTING potion of curing (33 gold, have 18).
   293 | D:1      | 293 ||| SHOPLISTING potion of might (44 gold, have 18).
   293 | D:1      | 293 ||| SHOPLISTING ring of positive energy (220 gold, have
                  | 18).
   293 | D:1      | 293 ||| SHOPLISTING scroll of enchant armour (82 gold, have
                  | 18).
   390 | D:1      | Found Dazxec's Magic Scroll Boutique.
   396 | D:1      | 396 ||| SHOPLISTING scroll of identify (28 gold, have 20).
   396 | D:1      | 396 ||| SHOPLISTING scroll of teleportation (42 gold, have
                  | 20).
   466 | D:1      | Found Togece's Book Shoppe.
   648 | D:1      | 648 ||| UPGRADING to +0 ring mail.
   658 | D:1      | 658 ||| DROPPING +0 leather armour.
   659 | D:1      | 659 ||| DROPPING +6 ring of intelligence.
   660 | D:1      | 660 ||| READING 2 scrolls labelled PEQAIN RAINIM.
   660 | D:1      | 660 ||| ENCHANTING +0 shortbow.
   661 | D:1      | 661 ||| READING scroll labelled ONGOAQ TYPTOH.
   664 | D:1      | 664 ||| DROPPING scroll of butterflies.
   697 | D:2      | Noticed Sigmund
   710 | D:2      | Slain by Sigmund

Levels and vault maps discovered:
D:1:      mainiacjoe_arrival_reflecting_pool, layout_loops_cross, serial_shops,
          shop, nicolae_book_shop_shelving, nicolae_shop_tiny_waterfront,
          nicolae_titane
D:2:      layout_loops_ring, serial_shops, nicolae_shop_behind_doors, shop,
          uniq_sigmund

Skill      XL: |  1  2  3 |
---------------+----------+-----
Ranged Weapons | 4 |  4.0
Fighting       | |  2.6
Armour         | |  0.1
Dodging        | |  2.1
Stealth        | |  0.7

Action                     || total
---------------------------++-------
   Fire: Shortbow          ||    76
    Use: Scroll            ||     2
 Armour: Leather armour    ||     8
         Ring mail         ||    11
  Dodge: Dodged            ||    17

Table legend:
 A = Non-vault XP
 B = Vault XP
 C = Vault XP percentage of total XP
 D = Non-vault monster count
 E = Vault monster count
 F = Vault count percentage of total count
                 A         B        C        D         E       F
            +---------+---------+-------+---------+---------+-------
      Total |      56 |       0 |   0.0 |      31 |       0 |   0.0
            +---------+---------+-------+---------+---------+-------
        D:1 |      54 |       0 |   0.0 |      30 |       0 |   0.0
        D:2 |       2 |       0 |   0.0 |       1 |       0 |   0.0
            +---------+---------+-------+---------+---------+-------
